 Dungeon Crawl Stone Soup version 0.26.1-11-gd32895ea62 (webtiles) character file.

Game seed: 13300337724089581196

1619 tizbic2 the Cutter (level 8, -2/35 (37) HPs)
             Began as a Vine Stalker Gladiator on June 26, 2021.
             Was a Believer of Hepliaklqana.
             Slain by a sixfirhy (6 damage)
             ... summoned by an orc sorcerer
             ... on level 7 of the Dungeon.
             The game lasted 00:42:56 (5249 turns).

tizbic2 the Cutter (Vine Stalker Gladiator)         Turns: 5249, Time: 00:42:57

HP:   -2/35 (37)    AC: 13    Str: 17    XL:     8   Next: 96%
MP:   0/15          EV:  6    Int:  8    God:    Hepliaklqana [**....]
Gold: 351           SH:  9    Dex: 18    Spells: 15/15 levels left

rFire    . . .     SeeInvis .   a - +2 rapier
rCold    + . .     Faith    .   r - +0 kite shield
rNeg     . . .     Spirit   +   s - +0 chain mail
rPois    +         Reflect  .   c - +0 helmet
rElec    .         Harm     .   b - +2 cloak {rPois}
rCorr    .         Rampage  .   (no gloves)
Will     +....                  (no boots)
Stlth    ..........             (no amulet)
HPRegen  0.51/turn              h - ring of protection from cold
MPRegen  0.14/turn              (no ring)

@: drained
A: reduced essence, fangs 3, regeneration 1, magic shield, antimagic bite, no
potion heal 3
a: Renounce Religion, Recall Ancestor, Ancestor Identity


You were on level 7 of the Dungeon.
You worshipped Hepliaklqana.
Hepliaklqana was pleased with you.
You visited 1 branch of the dungeon, and saw 7 of its levels.

You collected 351 gold pieces.

Inventory:

Hand Weapons
 a - a +2 rapier (weapon)
 f - a +0 mace of holy wrath
Missiles
 d - 2 throwing nets
 m - 125 stones (quivered)
Armour
 b - a +2 cloak of poison resistance (worn)
 c - a +0 helmet (worn)
 q - a +0 scale mail
 r - a +0 kite shield (worn)
 s - a +0 chain mail (worn)
Magical Staves
 u - an uncursed staff of air
Jewellery
 e - an uncursed ring of ice
 h - a ring of protection from cold (left hand)
 A - an uncursed amulet of guardian spirit
Wands
 o - a wand of iceblast (17)
 z - a wand of flame (17)
 C - a wand of digging (3)
Scrolls
 j - 2 scrolls of immolation
 v - 4 scrolls of remove curse
 w - 3 scrolls of teleportation
 y - a scroll of identify
Potions
 g - a potion of brilliance {unknown}
 i - 5 potions of curing {unknown}
 k - 2 potions of degeneration
 l - a potion of lignification {unknown}
 n - 3 potions of ambrosia {unknown}
 p - a potion of heal wounds {unknown}
 t - a potion of attraction {unknown}
 x - a potion of magic {unknown}
 B - a potion of might {unknown}


   Skills:
 * Level 4.3 Fighting
 + Level 6.7 Short Blades
 - Level 1.7 Throwing
 + Level 3.1 Armour
 + Level 3.6 Dodging
 + Level 2.4 Shields
 * Level 4.0 Spellcasting


You had 15 spell levels left.
You didn't know any spells.
Your spell library was empty.

Dungeon Overview and Level Annotations

Branches:
Dungeon (7/15)             Temple (0/1) D:4

Altars:
Elyvilon
Fedhas
Gozag
Hepliaklqana
Okawaru
Trog
Yredelemnul

Shops:
D:4 *


Innate Abilities, Weirdness & Mutations

You have razor-sharp teeth.
Your natural rate of healing is unusually fast.
When hurt, damage is shared between your health and your magic reserves.
Your bite disrupts and absorbs the magic of your enemies.
Potions cannot restore your health.
Your life essence is reduced to manifest your ancestor. (-10% HP)


Message History

Beorhtric casts a spell at the orc sorcerer.
The puff of frost hits the orc sorcerer.
The orc sorcerer gestures at Beorhtric while chanting.
Beorhtric suddenly stops moving!
The orc sorcerer hits Beorhtric with a +0 dagger.
The bullfrog hits you.
* * * LOW HITPOINT WARNING * * *
The orc sorcerer hits Beorhtric with a +0 dagger.
The bullfrog hits you.
* * * LOW HITPOINT WARNING * * *
The bullfrog hits you.
* * * LOW HITPOINT WARNING * * *
Beorhtric has departed this plane of existence.
The bullfrog hits you.
* * * LOW HITPOINT WARNING * * *
The bullfrog hits you but does no damage.
You block the sixfirhy's attack. The sixfirhy hits you.
* * * LOW HITPOINT WARNING * * *
The sixfirhy shocks you!
You die...

### .. #..# #.# ##..#
#.#### # ...#
##....##.###
#..###...>.......
#........@.#
#..##....3.#
###.##..##....F.##.#
..........†........# ..
###.###..#.Z....#####.#
..(.........(#.....
####..#.####...≈≈≈
#..#.# #..≈≈# # #..#.#
#..≈## ..#


You could see a sixfirhy (summoned), a bullfrog and a centaur skeleton.

Vanquished Creatures
  A black bear (D:6)
  2 sky beasts
  2 ogres
  A centaur (D:5)
  A scorpion (D:4)
  A centaur skeleton (D:6)
  A jelly (D:5)
  An orc priest (D:4)
  3 hounds
  5 orc wizards
  2 iguanas
  3 worker ants
  A hound zombie (D:6)
  A hound skeleton (D:4)
  A worker ant zombie (D:6)
  3 adders
  A shadow imp (D:5)
  An adder zombie (D:6)
  2 worms (D:2)
  2 leopard geckos
  7 orcs
  A ball python (D:2)
  4 giant cockroaches
  3 goblins
  5 hobgoblins
  10 jackals
  3 kobolds
  4 quokkas
  4 bats
  3 frilled lizards
  A leopard gecko zombie (D:6)
  2 quokka skeletons
  4 rats
86 creatures vanquished.

Vanquished Creatures (collateral kills)
  An ice beast (D:5)
  A necrophage (D:6)
  2 hounds (D:6)
  An orc wizard (D:4)
  A bullfrog skeleton (D:5)
  2 iguanas
  2 worker ants
  4 adders
  A white imp (D:6)
  4 orcs
19 creatures vanquished.

Vanquished Creatures (others)
  An orc wizard (D:5)
  A battlemage (D:7)
  2 ancestors (D:4)
4 creatures vanquished.

Grand Total: 109 creatures vanquished

Notes
Turn   | Place    | Note
-------+----------+-------------------------------------------
     0 | D:1      | tizbic2 the Vine Stalker Gladiator began the quest for the
                  | Orb.
     0 | D:1      | Reached XP level 1. HP: 11/11 MP: 2/2
   266 | D:1      | Reached XP level 2. HP: 14/15 MP: 3/3
   326 | D:1      | Reached skill level 3 in Short Blades
   455 | D:2      | Found an iron altar of Okawaru.
   521 | D:2      | Reached XP level 3. HP: 6/18 MP: 2/4
   915 | D:2      | Found a basalt altar of Yredelemnul.
   915 | D:2      | Found a hazy altar of Hepliaklqana.
   922 | D:2      | Became a worshipper of Hepliaklqana the Forgotten
  1353 | D:3      | Reached skill level 1 in Spellcasting
  1399 | D:3      | Gained mutation: Your natural rate of healing is unusually
                  | fast. [Vine Stalker growth]
  1399 | D:3      | Reached XP level 4. HP: 15/20 MP: 6/6
  1800 | D:4      | Found a bloodstained altar of Trog.
  1897 | D:4      | Reached XP level 5. HP: 14/24 MP: 3/8
  1998 | D:5      | Entered Level 5 of the Dungeon
  2039 | D:5      | HP: 1/24 [orc wizard/magic dart (6)]
  2050 | D:5      | Reached skill level 4 in Short Blades
  2226 | D:5      | Noticed an ice beast
  2374 | D:4      | Reached XP level 6. HP: 5/28 MP: 2/9
  2387 | D:4      | Reached skill level 1 in Armour
  2400 | D:4      | Got a jewelled trident
  2430 | D:4      | Found a white marble altar of Elyvilon.
  2493 | D:4      | Found Gozag's Platinum Reserve.
  2493 | D:4      | Found an opulent altar of Gozag.
  2639 | D:4      | Reached skill level 1 in Shields
  2779 | D:4      | Found a staircase to the Ecumenical Temple.
  3200 | D:5      | Reached XP level 7. HP: 29/31 MP: 8/11
  3229 | D:5      | Found a basalt altar of Yredelemnul.
  3312 | D:5      | Reached * piety under Hepliaklqana
  3316 | D:5      | Reached skill level 5 in Short Blades
  4085 | D:6      | Gained mutation: You have razor-sharp teeth. [Vine Stalker
                  | growth]
  4085 | D:6      | Reached XP level 8. HP: 35/36 MP: 13/13
  4542 | D:6      | Reached skill level 6 in Short Blades
  4701 | D:6      | Reached ** piety under Hepliaklqana
  4704 | D:6      | Remembered your ancestor Beorhtric as a battlemage
  5099 | D:7      | Found a blossoming altar of Fedhas.
  5230 | D:7      | Noticed an orc sorcerer
  5235 | D:7      | Noticed a sixfirhy
  5249 | D:7      | Slain by a sixfirhy

Illustrated notes

Levels and vault maps discovered:
D:1:      saegor_arrival_miasma, layout_basic
D:2:      layout_rooms, gammafunk_temple_overflow_wave, serial_glass,
          glass_columns_b, glass_columns_b, okawaru_gym_becter,
          uniq_crazy_yiuf_cottage
D:3:      layout_loops_cross
D:4:      minmay_evil_eye, layout_rooms, bloody_trog, elyvilon_altar_1,
          minmay_temple_entry_junction_2, nicolae_gozag_zags_fifth_avenue
D:5:      layout_basic, st_stairs_3, wad_floor_pattern_untrapped,
          yredelemnul_altar_generic
D:6:      layout_basic
D:7:      cheibrodos_wizards_tower, layout_loops_ring, fedhas_altar_3

Skill      XL: |  1  2  3  4  5  6  7  8 |
---------------+-------------------------+-----
Short Blades   | 3 4 5 6 |  6.7
Fighting       | 2 3 4 |  4.3
Dodging        | 3 |  3.6
Spellcasting   | 1 2 3 4 |  4.0
Armour         | 1 2 3 |  3.1
Shields        | 1 2 |  2.4
Throwing       | |  1.7

Action                   |  1- 3 |  4- 6 |  7- 9 || total
-------------------------+-------+-------+-------++-------
Melee: Rapier            |   120 |   139 |   136 ||   395
       Bite              |    27 |    42 |    49 ||   118
       Mace              |     5 |       |       ||     5
Throw: Stone             |     4 |     4 |       ||     8
       Throwing net      |     1 |       |       ||     1
Invok: Ancestor Identity |     1 |       |       ||     1
       Recall Ancestor   |       |     2 |     1 ||     3
       Ancestor Life: Ba |       |       |     1 ||     1
  Use: Scroll            |       |     5 |     7 ||    12
       Potion            |       |       |     1 ||     1
 Stab: Distracted        |       |       |     2 ||     2
Armor: Ring mail         |    37 |       |       ||    37
       Scale mail        |    16 |     4 |       ||    20
       Chain mail        |       |    75 |    72 ||   147
Dodge: Dodged            |    99 |    24 |    20 ||   143
Block: Kite shield       |       |    47 |    44 ||    91
